 Dungeon Crawl Stone Soup version 0.18.1-1-g2f07953 (console) character file.

840 Lasty the Twirler (level 8, -5/42 HPs)
             Began as a Vine Stalker Gladiator on May 6, 2016.
             Was an Elder of Lugonu.
             Slain by an orc priest
             ... wielding a +0 war axe
              (8 damage)
             ... on level 5 of the Dungeon.
             The game lasted 00:14:11 (3647 turns).

Lasty the Twirler (Vine Stalker Gladiator)          Turns: 3647, Time: 00:14:12

Health: -5/42      AC: 12    Str: 19    XL:     8   Next: 0%
Magic:  0/11       EV:  8    Int:  8    God:    Lugonu [****..]
Gold:   208        SH:  0    Dex: 16    Spells: 0 memorised, 7 levels left

rFire  . . .     SeeInvis .     a - +3 quarterstaff (chaos)
rCold  . . .     Gourm    .     k - +0 chain mail
rNeg   . . .     Faith    .     (shield currently unavailable)
rPois  .         Spirit   +     c - +2 helmet
rElec  .         Dismiss  .     v - +0 cloak
rCorr  .         Reflect  .     (no gloves)
SustAt .         Harm     .     (no boots)
MR     +....                    (no amulet)
Stlth  ..........               (no ring)
                                (no ring)

@: somewhat resistant to hostile enchantments, extremely unstealthy
A: fangs 3, regeneration 2, magic shield, antimagic bite, no device heal 3, rot
immunity
a: Depart the Abyss, Bend Space, Banish, Corrupt, Renounce Religion


You were on level 5 of the Dungeon.
You worshipped Lugonu.
Lugonu was greatly pleased with you.
You were not hungry.

You visited 1 branch of the dungeon, and saw 5 of its levels.
You also visited: Sewer.

You collected 208 gold pieces.


Innate Abilities, Weirdness & Mutations

You have razor-sharp teeth.
You heal very quickly.
When hurt, damage is shared between your health and your magic reserves.
Your bite disrupts and absorbs the magic of your enemies.
Potions and wands cannot restore your health.
You are immune to rotting.


   Skills:
 - Level 4.0 Fighting
 * Level 7.0 Staves
 - Level 1.7 Throwing
 - Level 2.4 Dodging
 + Level 2.7 Invocations


You had 7 spell levels left.
You didn't know any spells.

Inventory:

Hand Weapons
 a - a +3 quarterstaff of chaos (weapon)
   (You took it off Crazy Yiuf on level 2 of the Dungeon)
 w - a +0 quarterstaff
Missiles
 d - 2 throwing nets (quivered)
 h - 144 stones
 l - 8 tomahawks
Armour
 b - a +0 leather armour
 c - a +2 helmet (worn)
 k - a +0 chain mail (worn)
 p - a +0 ring mail
 v - a +0 cloak (worn)
Jewellery
 C - an uncursed ring of positive energy {unknown}
Scrolls
 e - a scroll of noise {unknown}
 g - 2 scrolls of remove curse {unknown}
 j - a scroll of magic mapping {!r}
 m - a scroll of teleportation {unknown}
 s - a scroll of recharging {unknown}
 t - 3 scrolls of identify
 u - 2 scrolls of fear {unknown}
 y - 2 scrolls of random uselessness {unknown}
 A - a scroll of immolation {unknown}
Potions
 n - a potion of cure mutation {!q}
 o - a potion of ambrosia
 q - 9 potions of curing
 r - 3 potions of agility {!q}
 x - a potion of haste {unknown}
 z - a potion of berserk rage {unknown}
 D - 2 potions of mutation {unknown}
Comestibles
 f - 5 bread rations {!e}
 i - 2 meat rations {!e}
 B - 3 chunks of flesh


Message History

The orc wizard's magic leaks into the air.
You drain its magic.
You kill the orc wizard!
Lugonu accepts your kill. The giant gecko barely misses you.
You sock the orc priest!
The orc priest is severely wounded.
The giant gecko bites you.
You completely miss the orc priest.
The orc priest is severely wounded.
The orc priest mumbles some strange prayers to Beogh against you.
Beogh smites you!
* * * LOW HITPOINT WARNING * * *
The orc priest hits you but does no damage.
The giant gecko barely misses you. The orc barely misses you.
You take 11 damage.
You completely miss the orc priest.
The orc priest is severely wounded.
The giant gecko bites you but does no damage.
The orc priest mumbles some strange prayers to Beogh against you.
Beogh smites you!
* * * LOW HITPOINT WARNING * * *
The orc hits you with a hand axe.
* * * LOW HITPOINT WARNING * * *
You take 16 damage.
Unknown command.
You hit the orc priest. You burn the orc priest.
You kill the orc priest!
Lugonu accepts your kill.
Your Staves skill increases to level 7!
The giant gecko bites you.
* * * LOW HITPOINT WARNING * * *
Unknown command.
You aren't carrying any items that you can evoke.
Unknown command.
Drink which item? (? for menu, Esc to quit)
Okay, then.
Read which item? (? for menu, Esc to quit)
Okay, then.
Enter note: hmm You sock the orc!
There is a sudden explosion of sparks!
You kill the orc!
Lugonu accepts your kill.
You have reached level 8!
You feel stronger.
Your teeth grow very long and razor-sharp.
The giant gecko closely misses you.
You closely miss the orc priest. The giant gecko closely misses you.
The orc priest hits you with a war axe!
You die...

***,,,,,,,,***##*********
,,,,,,,,,,,,,,..,,,,,,,,**
,,,,,,,>,,,***#.*******,,*****
,,,*********###.********,,,,,###*
,,,,,,,,,,,,,...,,,,,,,,,,,,?..,,
,,,***********#.#########**#.####
,,,* #....Zl.oo###...... ,,,*
#lo######.o........ ,,,* #[@#
###......).$ ,,,* #..#
#..!##.###.. *,,****** #..#*
#.####.##,,*
*,,,,,,,*****##...####.#......,**
*,*****,,,,,,...#.....o.....#***
#.* *******##.##...o{##.### ***
#.* ##....##..##.# **,, #.*
#......#o.#..# **,,, #.*
########...........#* *,...


You could see an orc priest and a giant gecko.

Vanquished Creatures
  Purgy (Sewer)
  A centaur (D:5)
  A scorpion (D:4)
  A giant frog zombie (D:5)
  2 hounds
  4 orc priests
  2 orc wizards
  Crazy Yiuf (D:2)
  2 iguanas
  4 worker ants
  A hound skeleton (D:5)
  A howler monkey skeleton (D:4)
  9 adders
  3 worms
  A dart slug (D:4)
  3 giant geckos
  8 orcs
  2 giant cockroaches
  9 hobgoblins
  A jackal (D:3)
  A ball python (D:3)
  4 bats
  3 giant newts
  4 goblins
  9 kobolds
  11 rats
89 creatures vanquished.

Notes
Turn   | Place    | Note
--------------------------------------------------------------
     0 | D:1      | Lasty the Vine Stalker Gladiator began the quest for the Orb.
     0 | D:1      | Reached XP level 1. HP: 11/11 MP: 2/2
   183 | D:1      | Reached skill level 2 in Fighting
   183 | D:1      | Reached skill level 3 in Staves
   183 | D:1      | Reached XP level 2. HP: 8/15 MP: 3/3
   568 | D:2      | Found a faded altar to an unknown god.
   580 | D:2      | Became a worshipper of Lugonu the Unformed
   580 | D:2      | Reached * piety under Lugonu
   580 | D:2      | Reached ** piety under Lugonu
   580 | D:2      | --yay!
   617 | D:2      | Reached XP level 3. HP: 15/18 MP: 4/4
  1062 | D:2      | Noticed Crazy Yiuf
  1066 | D:2      | --REMATCH
  1066 | D:2      | --SUCKER
  1069 | D:2      | Killed Crazy Yiuf
  1069 | D:2      | Reached skill level 4 in Staves
  1069 | D:2      | Reached XP level 4. HP: 23/23 MP: 5/5
  1385 | D:2      | Found a bloodstained altar of Trog.
  1866 | D:3      | Found an opulent altar of Gozag.
  1880 | D:3      | Found a sacrificial altar of Ru.
  1880 | D:3      | Found a basalt altar of Yredelemnul.
  2081 | D:3      | Reached skill level 3 in Fighting
  2096 | D:3      | Found a sparkling altar of Nemelex Xobeh.
  2240 | D:3      | Reached *** piety under Lugonu
  2240 | D:3      | Reached XP level 5. HP: 28/28 MP: 6/6
  2566 | D:4      | Reached skill level 5 in Staves
  2622 | D:4      | Gained mutation: You heal very quickly. [Vine Stalker growth]
  2622 | D:4      | Reached XP level 6. HP: 32/32 MP: 7/7
  2626 | D:4      | Found a stormy altar of Qazlal.
  2626 | D:4      | Found a white marble altar of Elyvilon.
  2690 | D:4      | Found Qune's Armour Boutique.
  3198 | D:5      | Entered Level 5 of the Dungeon
  3201 | D:4      | Reached skill level 4 in Fighting
  3268 | D:5      | Reached XP level 7. HP: 23/37 MP: 4/8
  3317 | D:5      | Found a glowing drain.
  3328 | Sewer    | Entered a sewer
  3371 | Sewer    | Reached skill level 6 in Staves
  3375 | Sewer    | Noticed Purgy
  3382 | Sewer    | Killed Purgy
  3382 | Sewer    | Reached skill level 1 in Invocations
  3529 | D:5      | Reached **** piety under Lugonu
  3533 | D:5      | Reached skill level 2 in Invocations
  3560 | D:5      | Found a blossoming altar of Fedhas.
  3644 | D:5      | HP: 5/37 [orc priest/divine providence (13)]
  3644 | D:5      | HP: 2/37 [orc/hand axe (3)]
  3645 | D:5      | Reached skill level 7 in Staves
  3646 | D:5      | --hmm
  3646 | D:5      | Gained mutation: You have razor-sharp teeth. [Vine Stalker growth]
  3646 | D:5      | Reached XP level 8. HP: 2/42 MP: 0/11
  3647 | D:5      | Slain by an orc priest

Vault maps used:
D:1:      mrwooster_arrival_statue_3, hex_tiny
D:2:      lemuel_coloured_pillars_altar, first_bread, serial_corexii_hall,
          corexii_hall_statues_deadend, corexii_hall_statues_s,
          corexii_hall_statues_deadend, corexii_hall_statues_i,
          corexii_hall_statues_l, corexii_hall_statues_deadend,
          ecumenical_altar_1, minmay_bisected, uniq_crazy_yiuf_cottage
D:3:      nemelex_deck, grunt_temple_overflow_open, kennysheep_nondescript
D:4:      amethyst_overflow_temple_binary, serial_shops,
          nicolae_shop_statue_plus
D:5:      kennysheep_mini, minmay_temple_entry_fiery, portal_sewer_entry_d
Sewer:    kennysheep_door_sewer

Action                   |  1- 3 |  4- 6 |  7- 9 || total
-------------------------+-------+-------+-------++-------
Melee: Quarterstaff      |    63 |   108 |    61 ||   232
       Bite              |    11 |    32 |    17 ||    60
Throw: Throwing net      |     2 |       |       ||     2
  Use: Scroll            |       |    10 |       ||    10
 Stab: Held in net/web   |     1 |       |       ||     1
       Paralysed         |       |       |     1 ||     1
  Eat: Chunk             |       |     7 |     2 ||     9
Armor: Ring mail         |    14 |    31 |       ||    45
       Leather armour    |     4 |       |       ||     4
       Chain mail        |       |     5 |    51 ||    56
Dodge: Dodged            |    32 |    57 |    43 ||   132

Skill      XL: |  1  2  3  4  5  6  7 |
---------------+----------------------+-----
Fighting       | 2 3 4 |  4.0
Staves         | 3 4 5 7 |  7.0
Invocations    | 2 |  2.7
Throwing       | |  1.7
Dodging        | |  2.4
